 Dungeon Crawl Stone Soup version 0.30-a0-358-g0d69a1922f (webtiles) character file.

Game seed: 8084271045950155539

4228 Sweetruy1997 the Cleaver (level 10, -5/78 HPs)
             Began as a Hill Orc Fighter on Nov 9, 2022.
             Was a Believer of Beogh.
             Slain by an efreet
             ... wielding a +3 scimitar of flaming
              (12 damage)
             ... on level 8 of the Dungeon on Nov 10, 2022.
             The game lasted 00:21:53 (8232 turns).

Sweetruy1997 the Cleaver (Hill Orc Fighter)         Turns: 8232, Time: 00:21:54

Health: -5/78      AC: 11    Str: 22    XL:     10   Next: 30%
Magic:  25/25      EV: 10    Int:  8    God:    Beogh [**....]
Gold:   217        SH: 13    Dex: 18    Spells: 15/17 levels left

rFire   . . .      SeeInvis .    g - +8 hand axe of the Middle {flame, rC- Str+4 Dex+4 Stlth+}
rCold   x . .      Faith    .    c - +2 buckler
rNeg    . . .      Spirit   .    b - +0 scale mail
rPois   .          Reflect  +    (helmet restricted)
rElec   .          Harm     .    p - +1 cloak
rCorr   .          Rampage  .    r - +0 pair of gloves
Will    +....                    v - +0 pair of boots
Stlth   ++........               z - amulet of reflection
HPRegen 0.33/turn                C - ring of magical power
MPRegen 0.19/turn                (no ring)

@: attractive, hasted, very quick
A: horns 1, strong-willed 1, weak 1
a: Renounce Religion, Smiting


You were on level 8 of the Dungeon.
You worshipped Beogh.
Beogh was pleased with you.
You visited 2 branches of the dungeon, and saw 9 of its levels.
You also visited: Sewer.

You collected 306 gold pieces.
You spent 89 gold pieces at shops.

Inventory:

Hand Weapons
 g - the +8 hand axe of the Middle (weapon) {flame, rC- Str+4 Dex+4 Stlth+}
   (You took it off a goblin on level 3 of the Dungeon)

   It burns those it strikes, dealing additional fire damage.
   Big, fiery blades are also staple armaments of hydra-hunters.
   Str:       It affects your strength (+4).
   Dex:       It affects your dexterity (+4).
   rC:        It makes you vulnerable to cold.
   Stlth:     It makes you more stealthy.
Missiles
 a - 124 stones (quivered)
Armour
 b - a +0 scale mail (worn)
 c - a +2 buckler (worn)
 f - a +2 helmet
 p - a +1 cloak (worn)
 r - a +0 pair of gloves (worn)
 v - a +0 pair of boots (worn)
Jewellery
 z - an amulet of reflection (around neck)
 C - a ring of magical power (left hand)
Wands
 d - a wand of flame (18)
 B - a wand of digging (6)
 D - a wand of paralysis (2)
Scrolls
 h - 3 scrolls of amnesia
 l - a scroll of summoning
 m - a scroll of blinking
 n - 6 scrolls of teleportation
 t - a scroll of fear
 w - a scroll of torment {unknown}
 y - a scroll of butterflies {unknown}
 A - a scroll of vulnerability {unknown}
Potions
 j - a potion of cancellation {unknown}
 k - 4 potions of magic
 o - a potion of curing {unknown}
 q - a potion of lignification {unknown}
 s - 5 potions of brilliance
 u - a potion of degeneration {unknown}
 x - 2 potions of flight


   Skills:
 - Level 4.0 Fighting
 + Level 12.2 Axes
 + Level 4.3 Throwing
 - Level 4.0 Armour
 - Level 2.0 Dodging
 - Level 2.0 Stealth
 - Level 6.0 Shields
 - Level 4.0 Spellcasting
 + Level 0.7 Conjurations
 + Level 1.0 Necromancy
 + Level 5.4 Earth Magic


You had 15 spell levels left.
You knew the following spells:

 Your Spells              Type           Power      Damage    Failure   Level
a - Kiss of Death         Conj/Necr      8%         2d6       54%         1
b - Sandblast             Erth           20%        2d7       10%         1

Your spell library contained the following spells:

 Spells                   Type           Power      Damage    Failure   Level
 Passwall                 Tmut/Erth      4%         N/A       43%         2
 Stone Arrow              Conj/Erth      12%        3d7       63%         3
 Confusing Touch          Hex            1%         N/A       95%         3
 Inner Flame              Hex/Fire       1%         N/A       95%         3
 Animate Dead             Necr           3%         N/A       99%         4
 Dispel Undead            Necr           3%         3d7       99%         4
 Flame Wave               Conj/Fire      2%         2d4       100%        4
 Sticky Flame             Conj/Fire      2%         2d3       100%        4
 Haunt                    Necr/Summ      1%         N/A       100%        7
 Infestation              Necr           1%         N/A       100%        8


Dungeon Overview and Level Annotations

Branches:
Dungeon (8/15)             Temple (1/1) D:6           Sewer (visited)
   Lair: D:8-11

Altars:
Ashenzari
Cheibriados
Dithmenos
Gozag
Hepliaklqana
Kikubaaqudgha
Makhleb
Nemelex Xobeh
Okawaru
Qazlal
Ru
Sif Muna
Uskayaw
Vehumet
Wu Jian
Xom
Yredelemnul
Zin

Shops:
D:3 (   D:5 *


Innate Abilities, Weirdness & Mutations

You have a pair of small horns on your head.
You are strong-willed. (Will+)
You are weak. (Str -2)


Message History

The fire elemental is moderately damaged.
The fire elemental closely misses you.
You closely miss the fire elemental.
The fire elemental is moderately damaged.
You block the fire elemental's attack.
You closely miss the fire elemental.
The fire elemental is moderately damaged.
The fire elemental hits you. The fire elemental burns you!
You hit the fire elemental but do no damage.
The fire elemental is moderately damaged.
The fire elemental hits you. The fire elemental burns you!
You barely miss the fire elemental.
The fire elemental is moderately damaged.
The fire elemental hits you. The fire elemental burns you!
You miss the fire elemental.
The fire elemental is moderately damaged.
The fire elemental hits you. The fire elemental burns you!
You hit the fire elemental.
The fire elemental is moderately damaged.
You block the fire elemental's attack.
You slash the fire elemental!
The fire elemental is heavily damaged.
You block the fire elemental's attack.
You hit the fire elemental but do no damage.
You headbutt the fire elemental!
The fire elemental is almost destroyed.
The fire elemental hits you. The fire elemental burns you!
* * * LOW HITPOINT WARNING * * *
You slash the fire elemental!
You destroy the fire elemental!
The fire elemental disappears in a puff of smoke!
You feel yourself speed up.
The efreet hits you with a +3 scimitar of flaming.
* * * LOW HITPOINT WARNING * * *
The efreet burns you.
* * * LOW HITPOINT WARNING * * *
It was a potion of attraction.
You feel attractive to monsters.
The efreet hits you with a +3 scimitar of flaming!
You die...

#..# #.........# #..#
#.##.####.# #..# #.##.####.#
#..# #.##.#....#
####..###.##......#
#°E....##.........#
#?R#..###○.##.####..#.#
....e#####..##.####..#.#
..u. #..@R°>##.........#
###[#.#######..#...###..####
##.###
#.#####............... #.##
##...........###..#### ##.##
##.#####..##.## #..####
##.###.######.....# #......
##.#..........#### ##.....
##.########### ###### ###


You could see an efreet.

Vanquished Creatures
  The ghost of RascalDebosk the Magician, a novice DjFE of Gozag (D:6)
  An ugly thing (D:8)
  A hornet (D:7)
  A wyvern (D:8)
  A black bear (D:7)
  3 sky beasts
  An orc warrior (D:7)
  2 ogres
  2 centaurs (D:7)
  2 phantoms
  3 kobold brigands (Sewer)
  4 bullfrogs
  A scorpion (D:7)
  10 wights
  11 killer bees
  3 howler monkeys
  4 hounds
  2 jellies
  A gnoll bouda (D:5)
  Jessica (D:3)
  An iguana (D:4)
  Terence (D:3)
  3 orc wizards
  3 gnolls (D:5)
  3 adders
  A river rat (D:4)
  2 shadow imps
  2 white imps (D:7)
  2 ufetubi
  9 dart slugs
  19 orcs
  11 endoplasms
  3 giant cockroaches
  4 goblins
  6 hobgoblins
  4 jackals (D:3)
  2 quokkas
  8 ball pythons
  7 bats
  4 frilled lizards
  25 kobolds
  3 rats
178 creatures vanquished.

Vanquished Creatures (others)
  An orc wizard (D:4)
  A shadow imp (D:5)
  A giant cockroach (D:4)
  A quokka (D:4)
  3 plants (Sewer)
7 creatures vanquished.

Grand Total: 185 creatures vanquished

Notes
Turn   | Place    | Note
-------+----------+-------------------------------------------
     0 | D:1      | Sweetruy1997 the Hill Orc Fighter began the quest for the
                  | Orb.
     0 | D:1      | Reached XP level 1. HP: 19/19 MP: 1/1
   352 | D:1      | Reached XP level 2. HP: 20/27 MP: 2/2
   951 | D:2      | Found a snail-covered altar of Cheibriados.
   983 | D:2      | Reached XP level 3. HP: 33/33 MP: 3/3
   993 | D:3      | Reached skill level 3 in Axes
  2022 | D:3      | Noticed a phantom
  2035 | D:3      | Killed a phantom
  2036 | D:3      | Reached skill level 4 in Axes
  2036 | D:3      | Reached XP level 4. HP: 25/40 MP: 4/4
  2036 | D:3      | Reached XP level 5. HP: 29/46 MP: 5/5
  2120 | D:3      | Learned a level 1 spell: Kiss of Death
  2123 | D:3      | Identified the +8 hand axe of the Middle {flame, rC- Str+4
                  | Dex+4 Stlth+}
  2234 | D:3      | Noticed Terence
  2236 | D:3      | Killed Terence
  2245 | D:3      | Found a broken altar of Ashenzari.
  2249 | D:3      | Saw a vision of the Shoals and the Spider Nest.
  2249 | D:3      | Noticed a cyclops
  2249 | D:3      | Noticed a harpy
  2249 | D:3      | Noticed a merfolk
  2249 | D:3      | Noticed a harpy
  2249 | D:3      | Noticed a manticore
  2249 | D:3      | Noticed a merfolk siren
  2249 | D:3      | Noticed a wind drake
  2249 | D:3      | Noticed a torpor snail
  2249 | D:3      | Noticed a demonic crawler
  2249 | D:3      | Noticed a radroach
  2249 | D:3      | Noticed a jumping spider
  2249 | D:3      | Noticed a pharaoh ant
  2249 | D:3      | Noticed a tarantella
  2249 | D:3      | Noticed a demonic crawler
  2249 | D:3      | Noticed a wolf spider
  2249 | D:3      | Noticed a tarantella
  2249 | D:3      | Noticed a wolf spider
  2249 | D:3      | Noticed a jumping spider
  2249 | D:3      | Noticed a sea snake
  2250 | D:3      | Noticed a jumping spider
  2250 | D:3      | Noticed a water elemental
  2251 | D:3      | Noticed a broodmother
  2252 | D:3      | Noticed a moth of wrath
  2254 | D:3      | Noticed a demonic crawler
  2256 | D:3      | Noticed a torpor snail
  2256 | D:3      | Noticed a wolf spider
  2417 | D:3      | Reached skill level 5 in Axes
  2420 | D:3      | Found Medusut's Antique Weapon Boutique.
  2503 | D:3      | Learned a level 1 spell: Sandblast
  2552 | D:3      | Noticed Jessica
  2560 | D:3      | Killed Jessica
  2561 | D:3      | Reached skill level 1 in Throwing
  2561 | D:3      | Reached skill level 1 in Dodging
  2751 | D:4      | Found a glowing drain.
  2768 | Sewer    | Entered a sewer
  2817 | Sewer    | Reached XP level 6. HP: 44/44 MP: 2/6
  2908 | Sewer    | Reached skill level 1 in Stealth
  2910 | Sewer    | Reached skill level 1 in Spellcasting
  2985 | Sewer    | Reached skill level 6 in Axes
  3092 | Sewer    | Reached XP level 7. HP: 47/59 MP: 8/8
  3182 | D:4      | Reached skill level 1 in Earth Magic
  3264 | D:4      | Became a worshipper of Beogh the Brigand
  3680 | D:4      | Reached skill level 7 in Axes
  3907 | D:5      | Entered Level 5 of the Dungeon
  4111 | D:5      | Found Uvatwij's Assorted Antiques.
  4115 | D:5      | Bought a scroll of identify for 62 gold pieces
  4115 | D:5      | Bought a sedimented amethyst potion for 27 gold pieces
  4116 | D:5      | Gained mutation: You are partially covered in iridescent
                  | scales. (AC +2) [potion of mutation]
  4116 | D:5      | Gained mutation: You do not regenerate when monsters are
                  | visible. [potion of mutation]
  4116 | D:5      | Gained mutation: You are weak. (Str -2) [potion of
                  | mutation]
  4117 | D:5      | Lost mutation: You do not regenerate when monsters are
                  | visible. [potion of mutation]
  4117 | D:5      | Lost mutation: You are weak. (Str -2) [potion of mutation]
  4117 | D:5      | Gained mutation: You occasionally lose the ability to read
                  | scrolls when taking damage. [potion of mutation]
  4117 | D:5      | Gained mutation: You have sharp toenails. [potion of
                  | mutation]
  4118 | D:5      | Lost mutation: You occasionally lose the ability to read
                  | scrolls when taking damage. [potion of mutation]
  4118 | D:5      | Lost mutation: You have sharp toenails. [potion of
                  | mutation]
  4118 | D:5      | Gained mutation: You are resistant to electric shocks.
                  | (rElec) [potion of mutation]
  4118 | D:5      | Gained mutation: You have hidden genetic potential. [potion
                  | of mutation]
  4132 | D:5      | Lost mutation: You are resistant to electric shocks.
                  | (rElec) [potion of mutation]
  4132 | D:5      | Lost mutation: You have hidden genetic potential. [potion
                  | of mutation]
  4132 | D:5      | Lost mutation: You are partially covered in iridescent
                  | scales. (AC +2) [potion of mutation]
  4132 | D:5      | Gained mutation: You have a pair of small antennae on your
                  | head. [potion of mutation]
  4132 | D:5      | Gained mutation: You are clumsy. (Dex -2) [potion of
                  | mutation]
  4132 | D:5      | Gained mutation: You are robust. (+10% HP) [potion of
                  | mutation]
  4275 | D:5      | Found a radiant altar of Vehumet.
  4289 | D:5      | Reached * piety under Beogh
  4348 | D:5      | Reached XP level 8. HP: 54/72 MP: 9/11
  4571 | D:5      | Reached skill level 8 in Axes
  4930 | D:6      | Identified the +5 ring mail "Oriah" {Will+}
  5056 | D:6      | Found a sparkling altar of Nemelex Xobeh.
  5129 | D:6      | Found a staircase to the Ecumenical Temple.
  5239 | D:6      | Found a sacrificial altar of Ru.
  5381 | D:6      | Found a runed translucent gate.
  5381 | D:6      | Found a runed translucent gate.
  5381 | D:6      | Found a runed translucent gate.
  5387 | D:6      | Noticed RascalDebosk's ghost (novice DjFE)
  5512 | D:6      | Found a burning altar of Makhleb.
  5535 | Temple   | Entered the Ecumenical Temple
  5809 | D:6      | Lost mutation: You have a pair of small antennae on your
                  | head. [potion of mutation]
  5809 | D:6      | Lost mutation: You are robust. (+10% HP) [potion of
                  | mutation]
  5809 | D:6      | Lost mutation: You are clumsy. (Dex -2) [potion of
                  | mutation]
  5809 | D:6      | Gained mutation: You have a pair of small horns on your
                  | head. [potion of mutation]
  5809 | D:6      | Gained mutation: You are weak. (Str -2) [potion of
                  | mutation]
  5809 | D:6      | Gained mutation: You are strong-willed. (Will+) [potion of
                  | mutation]
  5824 | D:6      | Killed RascalDebosk's ghost
  5825 | D:6      | Reached skill level 9 in Axes
  5952 | D:6      | Reached XP level 9. HP: 8/71 MP: 12/12
  5961 | D:6      | Reached skill level 5 in Shields
  6151 | D:7      | Noticed a hornet
  6161 | D:7      | Killed a hornet
  6162 | D:7      | Reached skill level 10 in Axes
  6303 | D:7      | Reached skill level 1 in Necromancy
  6423 | D:7      | Reached ** piety under Beogh
  6774 | D:7      | Found a stormy altar of Qazlal.
  6960 | D:7      | Found a shadowy altar of Dithmenos.
  7133 | D:7      | Found a shimmering altar of Xom.
  7154 | D:7      | Reached skill level 11 in Axes
  7162 | D:7      | Reached XP level 10. HP: 32/78 MP: 15/15
  7724 | D:8      | Reached skill level 5 in Earth Magic
  7962 | D:8      | Reached skill level 12 in Axes
  8108 | D:8      | Noticed a green ugly thing
  8109 | D:8      | Noticed a deep elf pyromancer
  8125 | D:8      | Killed a green ugly thing
  8212 | D:8      | Noticed a red ugly thing
  8232 | D:8      | Slain by an efreet

Illustrated notes

Levels and vault maps discovered:
D:1:      roderic_dead_forest, layout_loops_ring, minmay_tetromino_s4
D:2:      layout_basic, basic_altar
D:3:      kennysheep_slugbush, layout_rooms, grunt_ashenzari_visionary
          [grunt_ashenzari_visionary_shoals, grunt_ashenzari_visionary_spider],
          serial_shops, shop, uniq_terence, uniq_jessica
D:4:      layout_basic, cheibrodos_sewer_entry_sluice, due_unseen_surprise
D:5:      layout_cave_pods, fiery_altar_vehumet, serial_shops,
          nicolae_shop_stone
D:6:      layout_rooms, hangedman_ru_absence, mainiacjoe_overflow_chevrons,
          overflow_temple_1_default, minmay_temple_entry_mist,
          ebering_ghost_rock_garden, nicolae_concentric_dashed_squares_wild
D:7:      layout_layer_cave, grunt_dithmenos_shadows, xom_confusion_cloud,
          grunt_qazlal_sundering
D:8:      minmay_bloctagon_deflated, layout_loops_ring, lair_entry_dummy,
          uniq_joseph
Temple:   hellmonk_temple_beads

Skill      XL: |  1  2  3  4  5  6  7  8  9 10 |
---------------+-------------------------------+-----
Axes           | 4 5 6 7 9 11 12 | 12.2
Fighting       | 4 |  4.0
Armour         | 4 |  4.0
Shields        | 4 6 |  6.0
Throwing       | 1 3 4 |  4.3
Dodging        | 1 2 |  2.0
Stealth        | 1 2 |  2.0
Spellcasting   | 1 2 3 4 |  4.0
Earth Magic    | 2 3 4 5 |  5.4
Necromancy     | 1 |  1.0
Conjurations   | |  0.7

Action                   |  1- 3 |  4- 6 |  7- 9 | 10-12 || total
-------------------------+-------+-------+-------+-------++-------
Melee: War axe           |   105 |     8 |       |       ||   113
       Hand axe          |       |    72 |   186 |    42 ||   300
       Headbutt          |       |       |    11 |    12 ||    23
Throw: Javelin           |     8 |     5 |     8 |       ||    21
       Boomerang         |       |       |    14 |       ||    14
       Throwing net      |       |       |     3 |       ||     3
       Stone             |       |       |     2 |     2 ||     4
 Cast: Sandblast         |       |     4 |    21 |     7 ||    32
       Kiss of Death     |       |     2 |     1 |       ||     3
Invok: Convert to Beogh  |       |       |     1 |       ||     1
  Use: Scroll            |       |     7 |     8 |     1 ||    16
       Potion            |       |       |    10 |     2 ||    12
 Stab: Sleeping          |       |     1 |       |       ||     1
Armor: Scale mail        |    70 |    44 |   103 |    10 ||   227
Dodge: Dodged            |    41 |    33 |    91 |    11 ||   176
Block: Buckler           |    38 |    23 |   111 |    20 ||   192
       Reflection        |       |       |     4 |       ||     4

Table legend: (Time is in decaauts)
 A = Elapsed time spent in this place.
 B = Non-inter-level travel time spent in this place.
 C = Inter-level travel time spent in this place.
 D = Time resting spent in this place.
 E = Time spent auto-exploring this place.
 F = Levels seen in this place.
 G = Mean time per level.
                   A        B        C        D        E       F      G
               +--------+--------+--------+--------+--------+-----+--------+
         Total |   8298 |   8006 |    292 |    416 |   6308 |  10 |  829.8 |
       Dungeon |   7709 |   7488 |    221 |    416 |   5912 |   8 |  963.6 |
        Temple |    168 |     97 |     71 |      0 |     86 |   1 |  168.0 |
         Sewer |    420 |    420 |      0 |      0 |    309 |   1 |  420.0 |
               +--------+--------+--------+--------+--------+-----+--------+

Top non-repeatable levels by time:
     D:7: 1436 daAuts
     D:2: 1195 daAuts
     D:6: 1044 daAuts
     D:5: 1007 daAuts
     D:4: 807 daAuts
     D:1: 793 daAuts
     D:3: 789 daAuts
     D:8: 635 daAuts
   Sewer: 420 daAuts
  Temple: 168 daAuts
